cohdb
Replays
Latest Replays
All Replays
Popular Replays
Top Player Replays
Match Explorer
How It Works
Community
CoH3 Stats
Reddit
Sign in to upload your games and track your stats! →
Sign in with Steam
Match 44268845
Unlisted
Match 44268845
Overview
Messages
Build Orders
End
Pioneer Squad
Pioneer Squad
Construct Infanterie Kompanie
MG 42 Machine Gun Team
Grenadier Squad
Grenadier Squad
Construct Luftwaffe Kompanie
221 Scout Car
GrW 34 Mortar Team
Selects Mechanized Battlegroup
Selects Raid Package
Jäger Squad
Selects Raid Package
Medical Station
Starcraft: Brood War
Truman619
bigcheese
braindamage
0
0
Comments
sign in to comment!
No comments posted yet!